Map: Base du roi Sejong EC

Players

Rate - Winner!

  • Race: Protoss Protoss
  • League: Diamond
  • Spawn Location: 5:00

zidar

  • Race: Zerg Zerg
  • League: Gold
  • Spawn Location: 11:00

VOD

Have the link to the VOD?

Description

Time

  • Played on: June 10, 2016, 11:59 a.m.
  • Length: 11:46
Show
View Real Time Build Order
Export as new Build Order

Rate Protoss - Winner!

Build Orders: Nexus First 

Get SALT Encoding   

  12  0:01  Probe (Chrono Boost)  
  13  0:12  Probe (Chrono Boost)  
  14  0:23  Pylon  
  14  0:25  Probe (Chrono Boost)  
  15  0:42  Probe (Chrono Boost)  
  16  0:57  Nexus  
  16  0:59  Probe (Chrono Boost)  
  17  1:10  Probe (Chrono Boost)  
  18  1:11  Assimilator  
  18  1:23  Gateway  
  18  1:27  Probe (Chrono Boost)  
  19  1:32  Assimilator  
  19  1:37  Probe (Chrono Boost)  
  20  1:48  Probe (Chrono Boost), Pylon  
  21  1:58  Probe (Chrono Boost)  
  22  2:09  Probe x2 (Chrono Boost)  
  22  2:12  Cybernetics Core  
  24  2:19  Probe x2 (Chrono Boost)  
  26  2:30  Probe x2 (Chrono Boost)  
  26  2:34  Pylon  
  28  2:37  Gateway  
  28  2:40  Probe (Chrono Boost)  
  28  2:41  Probe (Chrono Boost)  
  30  2:46  Sentry  
  30  2:49  Warp Gate (Chrono Boost)  
  32  2:51  Mothership Core  
  32  2:54  Probe  
  35  3:06  Gateway  
  35  3:12  Sentry, Probe  
  36  3:19  Probe  
  39  3:25  Probe  
  40  3:29  Sentry  
  40  3:33  Assimilator  
  41  3:34  Probe  
  41  3:36  Sentry  
  41  3:37  Probe  
  45  3:46  Probe, Pylon  
  46  3:48  Gateway  
  46  3:49  Probe  
  46  3:51  Assimilator  
  47  3:58  Probe  
  47  4:01  Probe  
  46  4:06  Sentry  
  47  4:10  Probe  
  46  4:22  Probe  
  46  4:35  Probe (Chrono Boost)  
  47  4:43  Sentry  
  50  4:45  Probe (Chrono Boost)  
  50  4:50  Probe (Chrono Boost)  
  51  4:56  Probe (Chrono Boost)  
  51  4:59  Sentry  
  54  5:01  Probe (Chrono Boost)  
  54  5:03  Nexus  
  54  5:05  Gateway  
  54  5:06  Probe (Chrono Boost)  
  56  5:09  Sentry  
  56  5:11  Probe (Chrono Boost)  
  59  5:17  Probe (Chrono Boost)  
  60  5:22  Probe (Chrono Boost)  
  60  5:24  Assimilator  
  60  5:25  Sentry  
  60  5:28  Probe (Chrono Boost)  
  62  5:38  Probe x2 (Chrono Boost)  
  60  5:44  Sentry  
  60  5:49  Probe x2 (Chrono Boost)  
  62  5:58  Forge x2  
  62  6:14  Probe x2 (Chrono Boost)  
  62  6:15  Probe (Chrono Boost)  
  65  6:22  Forge  
  65  6:25  Probe x2 (Chrono Boost)  
  67  6:26  Probe (Chrono Boost)  
  67  6:27  Sentry  
  67  6:28  Sentry x3  
  76  6:33  Protoss Ground Weapons Level 1  
  76  6:35  Probe (Chrono Boost)  
  76  6:38  Twilight Council  
  76  6:39  Pylon  
  77  6:45  Assimilator  
  77  6:47  Pylon  
  77  6:50  Pylon  
  77  6:51  Assimilator  
  77  6:57  Probe x3 (Chrono Boost)  
  80  7:03  Nexus  
  80  7:04  Sentry x2  
  80  7:08  Probe x3 (Chrono Boost)  
  87  7:14  Nexus, Pylon  
  82  7:17  Pylon  
  82  7:18  Probe x3 (Chrono Boost)  
  85  7:29  Probe x2 (Chrono Boost)  
  87  7:35  Sentry x2  
  87  7:36  Sentry x2  
  87  7:49  Probe (Chrono Boost)  
  87  7:50  Probe (Chrono Boost)  
  89  7:54  Probe (Chrono Boost)  
  89  7:57  Sentry  
  92  7:58  Protoss Shields Level 1  
  92  8:00  Probe (Chrono Boost)  
  92  8:02  Probe (Chrono Boost)  
  94  8:09  Photon Cannon, Zealot x4  
  94  8:12  Photon Cannon  
  94  8:15  Photon Cannon  
  94  8:16  Probe x4 (Chrono Boost)  
  94  8:17  Photon Cannon  
  98  8:20  Photon Cannon  
  98  8:21  Sentry  
  98  8:22  Sentry x4, Photon Cannon, Pylon  
  98  8:24  Photon Cannon  
  98  8:25  Photon Cannon, Pylon  
  98  8:26  Probe x2 (Chrono Boost), Pylon  
  98  8:27  Probe x2 (Chrono Boost)  
  112  8:28  Pylon  
  112  8:30  Gateway  
  112  8:36  Gateway  
  112  8:37  Probe x2 (Chrono Boost)  
  112  8:51  Sentry x4  
  112  8:53  Probe x2 (Chrono Boost)  
  112  8:54  Probe x3 (Chrono Boost)  
  121  9:02  Protoss Ground Weapons Level 2  
  121  9:04  Probe x3 (Chrono Boost)  
  121  9:05  Probe (Chrono Boost)  
  121  9:07  Probe (Chrono Boost), Pylon  
  126  9:10  Assimilator x2  
  126  9:13  Photon Cannon  
  126  9:14  Probe (Chrono Boost), Photon Cannon  
  126  9:15  Sentry x2, Probe x3 (Chrono Boost)  
  126  9:16  Photon Cannon  
  134  9:20  Pylon x2  
  134  9:25  Probe x2 (Chrono Boost)  
  134  9:26  Probe (Chrono Boost)  
  134  9:28  Probe x2 (Chrono Boost), Assimilator x2  
  139  9:35  Probe (Chrono Boost)  
  139  9:36  Probe (Chrono Boost)  
  139  9:37  Probe (Chrono Boost)  
  140  9:51  Sentry x2  
  140  9:52  Sentry  
  126  10:09  Nexus  
  126  10:13  Sentry x4, Probe (Chrono Boost)  
  133  10:29  Probe (Chrono Boost)  
  130  10:38  Sentry x7  
  130  10:41  Probe (Chrono Boost)  
  141  10:47  Probe (Chrono Boost)  
  141  10:48  Probe (Chrono Boost)  
  141  10:52  Gateway  
  141  10:53  Gateway  
  141  10:55  Gateway, Pylon  
  141  10:57  Gateway, Pylon  
  141  10:59  Gateway x2  
  141  11:00  Nexus, Probe (Chrono Boost)  
  141  11:03  Pylon  
  141  11:04  Gateway, Pylon  
  142  11:05  Assimilator  
  142  11:06  Pylon  
  142  11:08  Probe (Chrono Boost), Assimilator, Pylon  
  143  11:12  Pylon  
  143  11:14  Probe (Chrono Boost), Pylon  
  143  11:15  Sentry x3  
  143  11:16  Sentry x4  
  158  11:20  Probe x3 (Chrono Boost)  
  159  11:45  Sentry  
  159  11:46  Sentry x5  
Show
View Real Time Build Order
Export as new Build Order

zidar Zerg 

Build Orders: Pool First 

Get SALT Encoding   

  12  0:01  Drone  
  13  0:12  Overlord  
  13  0:16  Drone  
  14  0:30  Drone x2  
  14  0:34  Drone  
  17  0:49  Spawning Pool  
  16  0:50  Drone  
  17  1:15  Hatchery  
  15  1:19  Drone  
  15  1:21  Drone  
  15  1:24  Extractor  
  17  1:25  Drone  
  17  1:37  Queen  
  19  1:45  Overlord  
  19  1:57  Drone x2  
  21  2:12  Queen  
  23  2:23  Metabolic Boost  
  23  2:27  Zergling x6  
  26  2:37  Zergling x2  
  27  2:48  Zergling x10  
  32  3:01  Zergling x2  
  32  3:02  Zergling x4  
  35  3:24  Zergling x2  
  36  3:42  Overlord x2  
  36  3:43  Overlord  
  25  4:27  Zergling x2  
  25  4:28  Zergling x10  
  29  4:45  Zergling x8  
  33  4:46  Roach Warren  
  32  4:53  Zergling x2  
  33  5:08  Drone x8  
  33  5:12  Lair  
  41  5:20  Extractor  
  31  5:53  Roach x10  
  50  6:09  Drone x6  
  50  6:10  Drone x2  
  57  6:22  Hydralisk Den  
  56  6:29  Ravager  
  57  6:52  Extractor, Hatchery  
  57  6:53  Extractor  
  38  7:44  Roach x6, Hydralisk x4  
  41  7:47  Zergling x14  
  60  8:09  Overlord x3  
  60  8:10  Overlord x2  
  60  8:22  Overlord x3  
  33  8:57  Roach x9  
  51  9:05  Muscular Augments  
  51  9:17  Drone  
  52  9:21  Ravager x4  
  52  9:24  Hydralisk x6  
  56  9:27  Queen  
  34  10:08  Roach x6  
  34  10:09  Zergling x2  
  32  10:45  Drone x7  
  32  10:46  Drone  
  40  10:55  Drone x4  
  44  11:09  Queen  
  46  11:12  Drone  
  46  11:15  Drone  
  43  11:27  Ravager  
  43  11:28  Ravager  
Tags
 
Add a new tag
Caveats
  • Supply blocks, unpowered buildings, or Contaminate may cause inaccurate times.
  • Supply counts are checked every 10 seconds.